 Dungeon Sprint DCSS version 0.27.1-33-g824d729ab1 (webtiles) character file.

Game seed: 13285818011143635674

491118 hilljack the Invulnerable (level 20, -3/324 HPs)
             Began as a Minotaur Gladiator on Dec 9, 2021.
             Was the Champion of Yredelemnul.
             Killed from afar by Gloorx Vloq (9 damage)
             ... with a poison arrow
             ... in the Dungeon (Sprint IX: "|||||||||||||||||||||||||||||").
             The game lasted 01:04:55 (21015 turns).

hilljack the Invulnerable (Minotaur Gladiator)     Turns: 21015, Time: 01:04:56

Health: -3/324     AC: 43    Str: 41    XL:     20   Next: 84%
Magic:  0/42       EV: 32    Int:  1    God:    Yredelemnul [******]
Gold:   187        SH:  0    Dex: 23    Spells: 53/58 levels left

rFire    + + +     SeeInvis .   a - +11 scythe of Mutilation {spect, Str+3 Dex+7 Stlth-}
rCold    + + +     Faith    .   (shield currently unavailable)
rNeg     . . .     Spirit   +   L - +8 gold dragon scales
rPois    +         Reflect  .   l - +2 hat
rElec    .         Harm     .   A - scarf {rC+ rF+}
rCorr    .         Rampage  .   c - +0 pair of gloves {Str+3}
Will     +....     NoTele   +   H - +2 pair of boots
Stlth    ..........             J - amulet "Rielihog" {Spirit rC++ Str+2}
HPRegen  0.64/turn              w - +4 ring of evasion
MPRegen  0.28/turn              N - ring "Azutoop" {Fire Str+6 Dex+3 Slay+2 Stlth-}

@: mighty, berserking (expiring), lethally poisoned (-3 -> -58), hasted and
slowed
A: horns 2, retaliatory headbutt, beak, dopey 2
}: 9/17 runes: decaying, serpentine, barnacled, slimy, elven, silver, golden,
abyssal, gossamer
a: Renounce Religion, Recall Undead Slaves, Injury Mirror, Animate Dead, Drain
Life, Enslave Soul


You were in the Dungeon.
You worshipped Yredelemnul.
Yredelemnul was exalted by your worship.
You visited 1 branch You collected 2042 gold pieces.
You spent 1855 gold pieces at shops.

Inventory:

Hand Weapons
 a - the +11 scythe of Mutilation (weapon) {spect, Str+3 Dex+7 Stlth-}
   (You found it in the Dungeon)

   When its wielder attacks, the weapon's spirit leaps out and strikes again.
   The spirit shares a part of any damage it takes with its wielder.
   Str:       It affects your strength (+3).
   Dex:       It affects your dexterity (+7).
   Stlth:     It makes you less stealthy.
 b - a +5 longbow of flaming
 o - a +9 glaive of venom
Missiles
 d - 4 throwing nets (quivered)
 q - 123 arrows
Armour
 c - a +0 pair of gloves of strength (worn)
 l - a +2 hat (worn)
 A - a scarf of resistance (worn)
 H - a +2 pair of boots (worn)
 L - +8 gold dragon scales (worn)
Jewellery
 w - a +4 ring of evasion (left hand)
 J - the amulet "Rielihog" (around neck) {Spirit rC++ Str+2}
   (You found it in the Dungeon)

   [amulet of guardian spirit]

   It causes incoming damage to be divided between your reserves of health and
   magic.
   Str:       It affects your strength (+2).
   rC:        It greatly protects you from cold.
 N - the ring "Azutoop" (right hand) {Fire Str+6 Dex+3 Slay+2 Stlth-}
   (You found it in the Dungeon)

   [ring of fire]

   It enhances your fire magic.
   Str:       It affects your strength (+6).
   Dex:       It affects your dexterity (+3).
   Slay:      It affects your accuracy & damage with ranged weapons and melee
   (+2).
   rF:        It protects you from fire.
   rC:        It makes you vulnerable to cold.
   Stlth:     It makes you less stealthy.
Wands
 m - a wand of iceblast (6)
 s - a wand of polymorph (5)
Scrolls
 f - 8 scrolls of fear
 g - 5 scrolls of identify
 i - 2 scrolls of fog
 j - 5 scrolls of blinking
 n - 2 scrolls of enchant armour
 r - a scroll of amnesia
 u - a scroll of silence
 x - 2 scrolls of immolation
Potions
 e - 2 potions of brilliance
 h - 9 potions of magic
 k - 7 potions of curing
 p - 2 potions of might
 v - a potion of berserk rage
 D - 5 potions of heal wounds
 O - 5 potions of haste
Miscellaneous
 t - the horn of Geryon
 y - a lightning rod (4/4)
 z - a box of beasts
 B - a box of beasts
 C - a phial of floods


   Skills:
 O Level 27 Fighting
 O Level 27 Polearms
 - Level 20.0 Bows
 O Level 27 Crossbows
 - Level 2.0 Throwing
 O Level 27 Armour
 O Level 27 Dodging
 + Level 19.5 Spellcasting
 + Level 5.1 Necromancy
 + Level 5.6 Earth Magic
 O Level 27 Invocations
 O Level 27 Evocations


You had 53 spell levels left.
You knew the following spells:

 Your Spells              Type           Power      Damage    Failure   Level
a - Borgnjor's Vile Clut  Necr/Erth      1%         N/A       69%         5

Your spell library contained the following spells:

 Spells                   Type           Power      Damage    Failure   Level
 Animate Dead             Necr           1%         N/A       36%         4
 Death Channel            Necr           1%         N/A       99%         6


Dungeon Overview and Level Annotations

Branches:
Dungeon (1/1)

Altars:
Cheibriados
Dithmenos
Elyvilon
Fedhas
Gozag
Hepliaklqana
Kikubaaqudgha
Makhleb
Nemelex Xobeh
Okawaru
Qazlal
Ru
Sif Muna
Trog
Uskayaw
Vehumet
Wu Jian
Xom
Yredelemnul
Zin
The Shining One
Beogh
Jiyva
Lugonu

Shops:
D *[(*

Annotations:
D Gloorx Vloq


Innate Abilities, Weirdness & Mutations

You have a pair of horns on your head.
You reflexively headbutt those who attack you in melee.
You have a beak for a mouth.
You are very dopey. (Int -4)


Message History

You are engulfed in dark miasma.
You are more poisoned.
You feel as though you will be slow longer.
* * * LOW HITPOINT WARNING * * *
You feel extremely sick. The Executioner misses you. You furiously retaliate!
You headbutt the Executioner!
The Executioner completely misses you. x2
Gloorx Vloq calls on the powers of darkness!
Your body is wracked with pain!
* * * LOW HITPOINT WARNING * * *
The Executioner hits you but does no damage. x3
Gloorx Vloq calls on the powers of darkness!
Your body is wracked with pain!
* * * LOW HITPOINT WARNING * * *
You barely miss Gloorx Vloq. Your peck misses Gloorx Vloq.
Gloorx Vloq is heavily wounded.
You are engulfed in dark miasma.
You feel as though you will be slow longer.
* * * LOW HITPOINT WARNING * * *
x2 You feel very sick.
The Executioner completely misses you. The Executioner misses you.
The Executioner closely misses you. Gloorx Vloq gestures at you.
The foul vapour misses you.
The Executioner hits you but does no damage. x2
The Executioner completely misses you.
You slice Gloorx Vloq!! Your headbutt misses Gloorx Vloq. You peck Gloorx Vloq!
Gloorx Vloq is heavily wounded.
You are engulfed in dark miasma.
You are more poisoned.
* * * LOW HITPOINT WARNING * * *
x2 You feel extremely sick.
The Executioner hits you but does no damage.
The Executioner completely misses you. x2
Gloorx Vloq gestures at you. The poison arrow hits you!
You are more poisoned.
You partially resist.
You die...
Your body rises from the dead as a mindless zombie.

*,▓.▓.▓V▓.▓z▓z▓z▓z▓z
*,▓.▓.▓V▓.▓z▓z▓z▓z▓z
*,▓.▓.▓V▓.▓z▓z▓z▓z▓z
*,▓°▓.▓V▓.▓z▓z▓z▓z▓z
*,▓°▓W▓V▓.▓z▓z▓z▓z▓z
▓.▓°▓V▓V▓)▓z▓z▓z▓z▓z
▓1▓°▓W▓V▓.▓z▓z▓z▓z▓z
▓φ▓1▓z▓V▓.▓z▓z▓z▓z▓z
▓1▓@▓V▓V▓.▓z▓z▓z▓z▓z
▓&▓&▓V▓V▓.▓z▓z▓z▓z▓z
▓1▓1▓V▓V▓.▓z▓z▓z▓z▓z
▓'▓1▓.▓V▓.▓z▓z▓z▓z▓z
▓1▓°▓V▓V▓)▓z▓z▓z▓z▓z
▓)▓.▓.▓V▓.▓z▓z▓z▓z▓z
▓)▓.▓.▓V▓)▓z▓z▓z▓z▓z
▓.▓.▓.▓V▓.▓z▓z▓z▓z▓z
▓.▓.▓.▓V▓.▓z▓z▓z▓z▓z


You could see Gloorx Vloq and 3 Executioners.

Vanquished Creatures
  the Royal Jelly (D)
  Dispater (D)
  6 orbs of fire (D)
  3 ancient liches (D)
  A royal mummy (D)
  Boris (D)
  2 Killer Klowns (D)
  Xtahua (D)
  Jory (D)
  Geryon (D)
  3 golden dragons (D)
  4 electric golems (D)
  4 liches (D)
  4 tentacled monstrosities (D)
  25 Orb Guardians (D)
  A quicksilver dragon (D)
  4 deep elf blademasters (D)
  3 deep elf master archers (D)
  8 acid blobs (D)
  11 sphinxes (D)
  4 shadow dragons (D)
  A draconian monk (D)
  4 storm dragons (D)
  3 rockslimes (D)
  4 azure jellies (D)
  A fire giant (D)
  A frost giant (D)
  3 nagarajas (D)
  Ilsuiw (D)
  An emperor scorpion (D)
  3 draconian shifters (D)
  A vault warden (D)
  A deep elf sorcerer (D)
  A ghost moth (D)
  2 stone giants (D)
  A draconian annihilator (D)
  A draconian stormcaller (D)
  2 very ugly things (D)
  4 vampire knights (D)
  A quicksilver ooze (D)
  2 green draconians (D)
  A deep elf demonologist (D)
  2 yellow draconians (D)
  2 black draconians (D)
  3 red draconians (D)
  2 white draconians (D)
  4 purple draconians (D)
  An ettin (D)
  2 merfolk impalers (D)
  3 merfolk javelineers (D)
  2 fire dragons (D)
  3 mummy priests (D)
  3 deep elf high priests (D)
  17 vault guards (D)
  2 boulder beetles (D)
  4 ice dragons (D)
  2 ironbound thunderhulks (D)
  9 hydras (D)
  3 merfolk aquamancers (D)
  2 centaur warriors (D)
  2 tengu warriors (D)
  A deep troll earth mage (D)
  5 hell knights (D)
  3 swamp dragons (D)
  A phantasmal warrior (D)
  A naga ritualist (D)
  2 orc knights (D)
  3 starcursed masses (D)
  An ironbound convoker (D)
  3 wolf spiders (D)
  2 lindwurms (D)
  2 deep elf pyromancers (D)
  A necromancer (D)
  A harpy (D)
  2 ugly things (D)
  7 moths of wrath (D)
  An orc sorcerer (D)
  2 vault sentinels (D)
  A naga mage (D)
  3 black mambas (D)
  A black mamba (shapeshifter) (D)
  Joseph (D)
  4 cane toads (D)
  A gargoyle (D)
  A torpor snail (D)
  An unseen horror (D)
  A rime drake (D)
  2 komodo dragons (D)
  A freezing wraith (D)
  3 demonic crawlers (D)
  5 jumping spiders (D)
  A troll (D)
  10 guardian mummies (D)
  A tyrant leech (D)
  A wind drake (D)
  2 hornets (D)
  A polar bear (D)
  A wraith (D)
  A redback (D)
  11 spriggans (D)
  A wyvern (D)
  A human (shapeshifter) (D)
  A golden eye (D)
  A chaos spawn (D)
  A vampire mosquito (D)
  2 nagas (D)
  3 water moccasins (D)
  An acid dragon (D)
  7 orc warriors (D)
  A necrophage (D)
  A bullfrog (D)
  A scorpion (D)
  3 small abominations (D)
  A hound (D)
  6 orc wizards (D)
  A gnoll (D)
  An adder (D)
  A white imp (D)
  5 worms (D)
  4 orcs (D)
  An endoplasm (D)
  A giant cockroach (D)
  A ball python (D)
  A jackal zombie (D)
  2 kobolds (D)
337 creatures vanquished.

Vanquished Creatures (collateral kills)
  An orb of fire (D)
  4 royal mummies (D)
  A caustic shrike (D)
  An Orb Guardian (D)
  A quicksilver dragon (D)
  An acid blob (D)
  3 sphinxes (D)
  A thorn hunter (D)
  3 shadow dragons (D)
  Donald (D)
  A nagaraja (D)
  2 azure jellies (D)
  A ghost moth (D)
  A frost giant (D)
  3 emperor scorpions (D)
  A draconian stormcaller (D)
  2 quicksilver oozes (D)
  2 ironbound preservers (D)
  A war gargoyle (D)
  3 vampire knights (D)
  3 deep elf demonologists (D)
  A stone giant (D)
  A green draconian (D)
  2 deep elf annihilators (D)
  An entropy weaver (D)
  A bunyip (D)
  A spark wasp (D)
  An eleionoma (D)
  2 ettins (D)
  3 merfolk impalers (D)
  2 mummy priests (D)
  5 great orbs of eyes (D)
  A deep elf high priest (D)
  3 ice dragons (D)
  4 yaktaur captains (D)
  A rakshasa (D)
  A peacekeeper (D)
  An alligator snapping turtle (D)
  8 vault guards (D)
  A naga warrior (D)
  An ogre mage (D)
  A spriggan air mage (D)
  2 ironbound frosthearts (D)
  2 hydras (D)
  A merfolk aquamancer (D)
  2 deep troll earth magi (D)
  An orc high priest (D)
  A shock serpent (D)
  A spriggan berserker (D)
  A sea snake (D)
  A goliath frog (D)
  2 glowing orange brains (D)
  3 swamp dragons (D)
  A phantasmal warrior (D)
  4 orc knights (D)
  2 ironbound convokers (D)
  A necromancer (D)
  A shining eye (shapeshifter) (D)
  A merfolk siren (D)
  A moth of wrath (D)
  3 guardian serpents (D)
  3 naga magi (D)
  A smoke demon (D)
  A vault sentinel (D)
  A torpor snail (shapeshifter) (D)
  A black mamba (D)
  A cane toad (D)
  8 guardian mummies (D)
  A wandering mushroom (D)
  3 merfolk (D)
  A tyrant leech (D)
  A slime creature (D)
  2 snapping turtles (D)
  A redback (D)
  A tarantella (D)
  2 golden eyes (D)
  2 nagas (D)
  A water moccasin (D)
  A floating eye (D)
  13 orc warriors (D)
  An orc priest (D)
  A white imp (D)
  2 ufetubi (D)
  2 orcs (D)
161 creatures vanquished.

Vanquished Creatures (others)
  Margery (D)
  11 profane servitors (D)
  14 bone dragons (D)
  An electric golem (D)
  A draconian knight (D)
  10 ghouls (D)
  18 vampire knights (D)
  A black draconian (D)
  A purple draconian (D)
  An eleionoma (D)
  A ghost crab (D)
  A tengu warrior (D)
  17 skeletal warriors (D)
  22 flayed ghosts (D)
  A necromancer (D)
  17 phantasmal warriors (D)
  A bloated husk (D)
  A dream sheep (shapeshifter) (D)
  9 flying skulls (D)
  25 vampires (D)
  3 wraiths (D)
  A very ugly thing zombie (D)
  A wight (D)
  A human zombie (D)
  2 mummies (D)
  2 orc zombies (D)
  2 briar patches (D)
166 creatures vanquished.

Grand Total: 664 creatures vanquished

Notes
Turn   | Place    | Note
-------+----------+-------------------------------------------
     0 | D        | hilljack the Minotaur Gladiator began the quest for the
                  | Orb.
     0 | D        | Reached XP level 1. HP: 18/18 MP: 0/0
    22 | D        | Noticed a necrophage
    22 | D        | Noticed a scorpion
    22 | D        | Noticed a hound
    30 | D        | Killed a hound
    31 | D        | Reached skill level 5 in Dodging
    31 | D        | Reached XP level 2. HP: 16/25 MP: 1/1
    31 | D        | Reached XP level 3. HP: 19/30 MP: 2/2
    38 | D        | Killed a scorpion
    39 | D        | Reached XP level 4. HP: 20/37 MP: 3/3
    51 | D        | Killed a necrophage
    52 | D        | Reached skill level 10 in Polearms
    52 | D        | Reached XP level 5. HP: 23/42 MP: 4/4
   288 | D        | Found a snail-covered altar of Cheibriados.
   288 | D        | Found a shadowy altar of Dithmenos.
   288 | D        | Found a white marble altar of Elyvilon.
   288 | D        | Found a blossoming altar of Fedhas.
   288 | D        | Found an opulent altar of Gozag.
   289 | D        | Found a hazy altar of Hepliaklqana.
   290 | D        | Found a viscous altar of Jiyva.
   291 | D        | Found an ancient bone altar of Kikubaaqudgha.
   292 | D        | Found a corrupted altar of Lugonu.
   293 | D        | Found a burning altar of Makhleb.
   294 | D        | Found a sparkling altar of Nemelex Xobeh.
   295 | D        | Found an iron altar of Okawaru.
   296 | D        | Found a stormy altar of Qazlal.
   297 | D        | Found a sacrificial altar of Ru.
   298 | D        | Found a shimmering blue altar of Sif Muna.
   299 | D        | Found a bloodstained altar of Trog.
   300 | D        | Found a hide-covered altar of Uskayaw.
   301 | D        | Found a radiant altar of Vehumet.
   302 | D        | Found an ornate altar of the Wu Jian Council.
   303 | D        | Found a shimmering altar of Xom.
   304 | D        | Found a basalt altar of Yredelemnul.
   305 | D        | Found a glowing silver altar of Zin.
   306 | D        | Found a glowing golden altar of the Shining One.
   312 | D        | Became a worshipper of Yredelemnul the Dark
   350 | D        | Noticed an orc warrior
   350 | D        | Noticed a troll
   350 | D        | Noticed a wyvern
   357 | D        | Killed a wyvern
   358 | D        | Reached skill level 10 in Dodging
   358 | D        | Reached XP level 6. HP: 39/50 MP: 5/5
   364 | D        | Killed an unseen horror
   364 | D        | Reached * piety under Yredelemnul
   365 | D        | Reached XP level 7. HP: 22/56 MP: 6/6
   368 | D        | Killed a troll
   379 | D        | HP: 1/56 [something/puff of flame (13)]
   382 | D        | Reached ** piety under Yredelemnul
   626 | D        | Noticed a centaur warrior
   626 | D        | Noticed a boulder beetle
   626 | D        | Noticed a wraith
   626 | D        | Noticed a seven-headed hydra
   626 | D        | Noticed a gargoyle
   626 | D        | Noticed a deep elf pyromancer
   630 | D        | Killed a deep elf pyromancer
   631 | D        | Reached skill level 15 in Polearms
   631 | D        | Reached XP level 8. HP: 43/62 MP: 7/7
   773 | D        | Killed a ten-headed hydra
   774 | D        | Reached skill level 15 in Dodging
   774 | D        | Reached XP level 9. HP: 27/68 MP: 8/8
   780 | D        | Killed a gargoyle
   786 | D        | Reached *** piety under Yredelemnul
   793 | D        | Killed a centaur warrior
   945 | D        | Killed a boulder beetle
  1290 | D        | Noticed a cane toad
  1290 | D        | Noticed a cane toad
  1290 | D        | Noticed a komodo dragon
  1290 | D        | Noticed a polar bear
  1297 | D        | Reached **** piety under Yredelemnul
  1298 | D        | Reached XP level 10. HP: 74/74 MP: 12/14
  1298 | D        | Noticed a torpor snail
  1309 | D        | Noticed a cane toad
  1314 | D        | Received a gift from Yredelemnul (a mummy)
  1314 | D        | Received a gift from Yredelemnul (2 flying skulls)
  1320 | D        | Killed a cane toad
  1331 | D        | Killed a cane toad
  1332 | D        | Reached skill level 10 in Invocations
  1338 | D        | Killed a torpor snail
  1338 | D        | Received a gift from Yredelemnul (a wraith)
  1348 | D        | Received a gift from Yredelemnul (a mummy)
  1357 | D        | Killed a cane toad
  1535 | D        | Noticed an eight-headed hydra
  1535 | D        | Noticed a seven-headed hydra
  1535 | D        | Noticed a boulder beetle
  1540 | D        | Received a gift from Yredelemnul (2 flying skulls)
  1544 | D        | Noticed a cane toad
  1551 | D        | HP: 2/74 [12-headed hydra (8)]
  1979 | D        | Killed a 19-headed hydra
  1979 | D        | Received a gift from Yredelemnul (a wight)
  1979 | D        | Received a gift from Yredelemnul (a wraith)
  2498 | D        | Killed a 19-headed hydra
  2672 | D        | HP: 2/74 [boulder beetle (22)]
  2673 | D        | Killed a boulder beetle
  2674 | D        | Reached XP level 11. HP: 3/91 MP: 20/20
  2706 | D        | Received a gift from Yredelemnul (a vampire)
  3268 | D        | Noticed a lindwurm
  3277 | D        | Killed a lindwurm
  3278 | D        | Reached skill level 10 in Fighting
  3330 | D        | Received a gift from Yredelemnul (4 flying skulls)
  3339 | D        | Reached ***** piety under Yredelemnul
  3339 | D        | Received a gift from Yredelemnul (a flying skull)
  3371 | D        | Noticed a lindwurm
  3381 | D        | Killed a lindwurm
  3613 | D        | Received a gift from Yredelemnul (a wraith)
  3621 | D        | Received a gift from Yredelemnul (a vampire)
  3631 | D        | Noticed an orc knight
  3632 | D        | Received a gift from Yredelemnul (a vampire)
  3639 | D        | Reached ****** piety under Yredelemnul
  3639 | D        | Received a gift from Yredelemnul (a vampire knight)
  3651 | D        | Killed an orc knight
  3652 | D        | Received a gift from Yredelemnul (a skeletal warrior)
  3909 | D        | Noticed an orc sorcerer
  3916 | D        | Received a gift from Yredelemnul (a vampire knight)
  3928 | D        | Noticed an orc high priest
  3936 | D        | Killed an orc sorcerer
  3941 | D        | Received a gift from Yredelemnul (a vampire)
  3949 | D        | Killed an orc high priest
  4190 | D        | Found Ucohoh's Assorted Antiques.
  4190 | D        | Noticed an orc knight
  4190 | D        | Noticed an orc knight
  4200 | D        | Killed an orc knight
  4201 | D        | Reached skill level 15 in Fighting
  4203 | D        | Noticed an orc knight
  4205 | D        | Killed an orc knight
  4206 | D        | Received a gift from Yredelemnul (a vampire)
  4206 | D        | Killed an orc knight
  4212 | D        | Received a gift from Yredelemnul (a ghoul)
  4214 | D        | Noticed an orc knight
  4215 | D        | Killed an orc knight
  4216 | D        | Received a gift from Yredelemnul (a bone dragon)
  4216 | D        | Found Zakigen's Weapon Shop.
  4220 | D        | Reached skill level 1 in Armour
  4220 | D        | Found Sulastei's Antique Armour Boutique.
  4224 | D        | Found Cotaoz's General Store.
  4255 | D        | Bought a scroll labelled OGUC WAEHEGEC for 20 gold pieces
  4255 | D        | Bought a potion of berserk rage for 100 gold pieces
  4255 | D        | Bought a scroll labelled KITWUM SYELAASK for 20 gold pieces
  4255 | D        | Bought a scroll of identify for 40 gold pieces
  4255 | D        | Bought a scroll labelled HULIRU FEOMOE for 20 gold pieces
  4255 | D        | Bought a scroll labelled OWKUTTIMOM for 20 gold pieces
  4255 | D        | Bought a scroll of identify for 40 gold pieces
  4259 | D        | Bought a glowing scale mail for 203 gold pieces
  4259 | D        | Bought an embroidered scarf for 232 gold pieces
  4261 | D        | Bought a potion of might for 48 gold pieces
  4261 | D        | Bought a box of beasts for 480 gold pieces
  4261 | D        | Bought a scroll of immolation for 42 gold pieces
  4261 | D        | Bought a phial of floods for 480 gold pieces
  4261 | D        | Bought a potion of heal wounds for 60 gold pieces
  4387 | D        | Noticed Joseph
  4397 | D        | Killed Joseph
  4859 | D        | Noticed a red ugly thing
  4859 | D        | Noticed a deep elf pyromancer
  4859 | D        | Noticed a centaur warrior
  4864 | D        | Killed a centaur warrior
  4867 | D        | Noticed a wolf spider
  4867 | D        | a slime creature changed into a wolf spider
  4868 | D        | Killed a deep elf pyromancer
  4872 | D        | Killed a red ugly thing
  4872 | D        | Received a gift from Yredelemnul (a flayed ghost)
  4875 | D        | Noticed a shining eye
  4875 | D        | a wolf spider changed into a shining eye
  4875 | D        | Noticed an ice dragon
  4879 | D        | Reached XP level 12. HP: 73/122 MP: 21/21
  4880 | D        | Noticed a tengu warrior
  4882 | D        | Noticed a great orb of eyes
  4884 | D        | Noticed a spark wasp
  4888 | D        | Killed an ice dragon
  4888 | D        | Received a gift from Yredelemnul (a vampire)
  4889 | D        | Noticed a stone giant
  4892 | D        | Noticed a great orb of eyes
  4900 | D        | Killed a tengu warrior
  4901 | D        | Received a gift from Yredelemnul (a vampire)
  4904 | D        | Killed a great orb of eyes
  4905 | D        | Reached skill level 10 in Armour
  4908 | D        | Killed a spark wasp
  4914 | D        | Killed a stone giant
  4914 | D        | Received a gift from Yredelemnul (a phantasmal warrior)
  4915 | D        | Killed a great orb of eyes
  4924 | D        | Killed an ettin
  5329 | D        | Received a gift from Yredelemnul (a bone dragon)
  5334 | D        | Received a gift from Yredelemnul (a profane servitor)
  5338 | D        | Received a gift from Yredelemnul (a flayed ghost)
  5527 | D        | Noticed an alligator snapping turtle
  5543 | D        | Killed an alligator snapping turtle
  5556 | D        | Received a gift from Yredelemnul (a vampire knight)
  5782 | D        | Received a gift from Yredelemnul (a skeletal warrior)
  5783 | D        | Reached skill level 15 in Armour
  5790 | D        | Received a gift from Yredelemnul (a vampire)
  5917 | D        | Noticed an eleionoma
  5917 | D        | Noticed a bunyip
  5917 | D        | Noticed a thorn hunter
  5917 | D        | Noticed an eleionoma
  5917 | D        | Noticed a ghost crab
  5921 | D        | Killed an eleionoma
  5924 | D        | Killed a ghost crab
  5927 | D        | Killed an eleionoma
  5928 | D        | Reached XP level 13. HP: 123/128 MP: 20/22
  5931 | D        | Killed a thorn hunter
  5932 | D        | Killed a bunyip
  5938 | D        | Received a gift from Yredelemnul (a vampire knight)
  5986 | D        | Noticed Donald
  6001 | D        | Killed Donald
  6002 | D        | Received a gift from Yredelemnul (a vampire)
  6084 | D        | Noticed a red very ugly thing
  6084 | D        | Noticed an ettin
  6084 | D        | Noticed an ettin
  6087 | D        | Killed an ettin
  6100 | D        | Killed a red very ugly thing
  6102 | D        | Killed an ettin
  6128 | D        | Noticed a stone giant
  6144 | D        | Received a gift from Yredelemnul (a vampire)
  6150 | D        | Killed a stone giant
  6157 | D        | Received a gift from Yredelemnul (a flayed ghost)
  6467 | D        | Noticed an ironbound preserver
  6475 | D        | Killed an ironbound preserver
  6476 | D        | Received a gift from Yredelemnul (a flayed ghost)
  6476 | D        | Noticed a sphinx
  6492 | D        | Noticed an entropy weaver
  6496 | D        | Received a gift from Yredelemnul (a vampire)
  6496 | D        | Noticed an ironbound preserver
  6511 | D        | Killed a sphinx
  6511 | D        | Killed an ironbound preserver
  6517 | D        | Killed an entropy weaver
  6523 | D        | Received a gift from Yredelemnul (a ghoul)
  6525 | D        | Noticed a vault warden
  6534 | D        | Received a gift from Yredelemnul (a vampire knight)
  6543 | D        | Killed a vault warden
  6556 | D        | Reached XP level 14. HP: 48/137 MP: 1/23
  7796 | D        | Noticed Xtahua
  7807 | D        | Paralysed by Xtahua for 2 turns
  7811 | D        | Killed Xtahua
  7811 | D        | Received a gift from Yredelemnul (a vampire)
  7811 | D        | Received a gift from Yredelemnul (a profane servitor)
  7859 | D        | Noticed Boris
  7873 | D        | Killed Boris
  7912 | D        | Noticed an emperor scorpion
  7912 | D        | Noticed an emperor scorpion
  7912 | D        | Noticed an emperor scorpion
  7926 | D        | Killed an emperor scorpion
  7929 | D        | Killed an emperor scorpion
  7930 | D        | Received a gift from Yredelemnul (a phantasmal warrior)
  7945 | D        | Killed an emperor scorpion
  7945 | D        | Received a gift from Yredelemnul (a skeletal warrior)
  7953 | D        | Killed a ghost moth
  8078 | D        | Noticed an emperor scorpion
  8091 | D        | Killed an emperor scorpion
  8092 | D        | Received a gift from Yredelemnul (a vampire)
  8107 | D        | Received a gift from Yredelemnul (a phantasmal warrior)
  8120 | D        | Got a gossamer rune of Zot
  8148 | D        | Received a gift from Yredelemnul (a skeletal warrior)
  8162 | D        | Reached skill level 27 in Armour
  8170 | D        | Received a gift from Yredelemnul (a flayed ghost)
  8207 | D        | Got a decaying rune of Zot
  8215 | D        | Noticed Ilsuiw
  8231 | D        | Killed Ilsuiw
  8261 | D        | Received a gift from Yredelemnul (a phantasmal warrior)
  8261 | D        | Received a gift from Yredelemnul (a skeletal warrior)
  8305 | D        | Received a gift from Yredelemnul (a flayed ghost)
  8309 | D        | Got a barnacled rune of Zot
  8635 | D        | Noticed a nagaraja
  8635 | D        | Noticed a nagaraja
  8636 | D        | Noticed a nagaraja
  8638 | D        | Reached XP level 15. HP: 158/158 MP: 24/24
  8646 | D        | Killed a nagaraja
  8653 | D        | Killed a nagaraja
  8653 | D        | Received a gift from Yredelemnul (a phantasmal warrior)
  8656 | D        | Noticed a nagaraja
  8657 | D        | Killed a nagaraja
  8662 | D        | Received a gift from Yredelemnul (a ghoul)
  8667 | D        | Killed a nagaraja
  8670 | D        | Received a gift from Yredelemnul (a vampire knight)
  8674 | D        | Received a gift from Yredelemnul (a flayed ghost)
  8728 | D        | Got a serpentine rune of Zot
 11393 | D        | Bought 18 arrows for 50 gold pieces
 12175 | D        | Received a gift from Yredelemnul (a vampire)
 12175 | D        | Received a gift from Yredelemnul (a flayed ghost)
 12181 | D        | Reached skill level 5 in Bows
 12194 | D        | Received a gift from Yredelemnul (a ghoul)
 12204 | D        | Received a gift from Yredelemnul (a phantasmal warrior)
 12222 | D        | Received a gift from Yredelemnul (a bone dragon)
 12239 | D        | Received a gift from Yredelemnul (a ghoul)
 12247 | D        | Received a gift from Yredelemnul (a vampire knight)
 12250 | D        | Reached skill level 10 in Bows
 12253 | D        | Received a gift from Yredelemnul (a phantasmal warrior)
 12263 | D        | Received a gift from Yredelemnul (a profane servitor)
 12276 | D        | Received a gift from Yredelemnul (a profane servitor)
 12284 | D        | Noticed a frost giant
 12306 | D        | Killed a frost giant
 12319 | D        | Received a gift from Yredelemnul (a flayed ghost)
 12324 | D        | Noticed a shadow dragon
 12328 | D        | Noticed a shadow dragon
 12337 | D        | Killed a shadow dragon
 12342 | D        | Killed a shadow dragon
 12344 | D        | Received a gift from Yredelemnul (a vampire knight)
 12426 | D        | Noticed a shadow dragon
 12426 | D        | Noticed a shadow dragon
 12426 | D        | Noticed a lich
 12426 | D        | Noticed a quicksilver dragon
 12426 | D        | Noticed a shadow dragon
 12426 | D        | Noticed a fire giant
 12428 | D        | Noticed a shadow dragon
 12432 | D        | Killed a fire giant
 12436 | D        | Noticed a quicksilver dragon
 12439 | D        | Killed a shadow dragon
 12439 | D        | Received a gift from Yredelemnul (a skeletal warrior)
 12449 | D        | Killed a quicksilver dragon
 12449 | D        | Received a gift from Yredelemnul (a ghoul)
 12450 | D        | Reached skill level 15 in Bows
 12460 | D        | Killed a lich
 12466 | D        | Killed a shadow dragon
 12467 | D        | Reached skill level 27 in Fighting
 12477 | D        | Killed a shadow dragon
 12489 | D        | Killed a shadow dragon
 12490 | D        | Received a gift from Yredelemnul (a bone dragon)
 12495 | D        | Killed a quicksilver dragon
 12496 | D        | Reached XP level 16. HP: 84/183 MP: 25/25
 12583 | D        | Got a silver rune of Zot
 12612 | D        | Noticed Jory
 12628 | D        | Killed Jory
 12628 | D        | Received a gift from Yredelemnul (a vampire knight)
 12714 | D        | Got the amulet "Finlakay" {RegenMP Str+3}
 12718 | D        | Got the amulet "Rielihog" {Spirit rC++ Str+2}
 12720 | D        | Got the amulet "Quaqeuch" {Rampage Will+ Regen+ Slay-3}
 12722 | D        | Got the ring "Azutoop" {Fire Str+6 Dex+3 Slay+2 Stlth-}
 12729 | D        | Got the +11 scythe of Mutilation {spect, Str+3 Dex+7
                  | Stlth-}
 12844 | D        | Noticed Margery
 12859 | D        | Killed Margery
 12871 | D        | Received a gift from Yredelemnul (a vampire)
 13032 | D        | Noticed a caustic shrike
 13032 | D        | Noticed a sphinx
 13036 | D        | Paralysed by a floating eye for 4 turns
 13041 | D        | Received a gift from Yredelemnul (a flayed ghost)
 13043 | D        | Paralysed by a floating eye for 3 turns
 13048 | D        | Killed a sphinx
 13049 | D        | Paralysed by a floating eye for 3 turns
 13055 | D        | Paralysed by a floating eye for 2 turns
 13064 | D        | Paralysed by a floating eye for 4 turns
 13068 | D        | Killed a caustic shrike
 13080 | D        | Received a gift from Yredelemnul (a profane servitor)
 13318 | D        | Received a gift from Yredelemnul (a ghoul)
 13334 | D        | Received a gift from Yredelemnul (a profane servitor)
 13349 | D        | Received a gift from Yredelemnul (a vampire)
 13499 | D        | Noticed an electric golem
 13499 | D        | Noticed an electric golem
 13499 | D        | Noticed a storm dragon
 13500 | D        | Noticed an orb of fire
 13503 | D        | Killed a storm dragon
 13512 | D        | HP: 5/183 [electric golem/bolt of lightning (43)]
 13513 | D        | Killed an electric golem
 13530 | D        | Killed an orb of fire
 13614 | D        | Received a gift from Yredelemnul (a skeletal warrior)
 13904 | D        | Received a gift from Yredelemnul (a phantasmal warrior)
 13975 | D        | Killed an electric golem
 13976 | D        | Reached skill level 10 in Evocations
 14096 | D        | Noticed a tentacled monstrosity
 14102 | D        | Received a gift from Yredelemnul (a flayed ghost)
 14102 | D        | Received a gift from Yredelemnul (a vampire knight)
 14108 | D        | Noticed a golden dragon
 14112 | D        | Received a gift from Yredelemnul (a skeletal warrior)
 14117 | D        | Killed a tentacled monstrosity
 14117 | D        | Received a gift from Yredelemnul (a vampire knight)
 14120 | D        | Killed a golden dragon
 14122 | D        | Received a gift from Yredelemnul (a vampire)
 14286 | D        | Noticed a storm dragon
 14286 | D        | Noticed a shadow dragon
 14286 | D        | Noticed an orb of fire
 14291 | D        | Reached skill level 15 in Evocations
 14291 | D        | Reached XP level 17. HP: 191/191 MP: 26/26
 14296 | D        | Killed an orb of fire
 14299 | D        | Received a gift from Yredelemnul (a vampire knight)
 14299 | D        | Received a gift from Yredelemnul (a profane servitor)
 14314 | D        | Received a gift from Yredelemnul (a flayed ghost)
 14314 | D        | Received a gift from Yredelemnul (a vampire knight)
 14509 | D        | Noticed a tentacled monstrosity
 14509 | D        | Received a gift from Yredelemnul (a bone dragon)
 14523 | D        | Killed a tentacled monstrosity
 14523 | D        | Received a gift from Yredelemnul (a bone dragon)
 14540 | D        | Received a gift from Yredelemnul (a flayed ghost)
 14553 | D        | Received a gift from Yredelemnul (a bone dragon)
 14844 | D        | Noticed an Orb Guardian
 14844 | D        | Noticed an Orb Guardian
 14844 | D        | Noticed an Orb Guardian
 14844 | D        | Noticed an Orb Guardian
 14844 | D        | Noticed an Orb Guardian
 14844 | D        | Noticed an Orb Guardian
 14849 | D        | Killed an Orb Guardian
 14849 | D        | Received a gift from Yredelemnul (a skeletal warrior)
 14857 | D        | Killed an Orb Guardian
 14859 | D        | Killed an Orb Guardian
 14865 | D        | Killed an Orb Guardian
 14865 | D        | Received a gift from Yredelemnul (a skeletal warrior)
 14873 | D        | Killed an Orb Guardian
 14879 | D        | Killed an Orb Guardian
 14879 | D        | Received a gift from Yredelemnul (a flayed ghost)
 15021 | D        | Noticed an Orb Guardian
 15022 | D        | Noticed an Orb Guardian
 15023 | D        | Noticed an Orb Guardian
 15025 | D        | Killed an Orb Guardian
 15025 | D        | Noticed an Orb Guardian
 15027 | D        | Killed an Orb Guardian
 15030 | D        | Killed an Orb Guardian
 15037 | D        | Killed an Orb Guardian
 15061 | D        | Noticed a golden dragon
 15061 | D        | Noticed a Killer Klown
 15061 | D        | Noticed an Orb Guardian
 15061 | D        | Noticed an Orb Guardian
 15067 | D        | Killed an Orb Guardian
 15067 | D        | Noticed an Orb Guardian
 15070 | D        | Killed an Orb Guardian
 15070 | D        | Received a gift from Yredelemnul (a flayed ghost)
 15070 | D        | Noticed an Orb Guardian
 15079 | D        | Killed a Killer Klown
 15084 | D        | Killed a golden dragon
 15087 | D        | Killed an Orb Guardian
 15087 | D        | Received a gift from Yredelemnul (a vampire)
 15088 | D        | Reached XP level 18. HP: 168/200 MP: 24/27
 15092 | D        | Killed an Orb Guardian
 15183 | D        | Noticed an ancient lich
 15189 | D        | Killed an ancient lich
 15434 | D        | Noticed an orb of fire
 15441 | D        | Killed an orb of fire
 15441 | D        | Received a gift from Yredelemnul (a phantasmal warrior)
 15441 | D        | Received a gift from Yredelemnul (a ghoul)
 15444 | D        | Noticed an electric golem
 15449 | D        | Killed an electric golem
 15451 | D        | Noticed a Killer Klown
 15451 | D        | Noticed a golden dragon
 15451 | D        | Noticed an orb of fire
 15451 | D        | Noticed a tentacled monstrosity
 15451 | D        | Noticed an electric golem
 15456 | D        | Killed an electric golem
 15458 | D        | Noticed a tentacled monstrosity
 15461 | D        | Gained mutation: Your magical capacity is low. (-10% MP)
                  | [an orb of fire]
 15465 | D        | Noticed an orb of fire
 15468 | D        | Killed an orb of fire
 15472 | D        | Killed a tentacled monstrosity
 15473 | D        | Reached skill level 27 in Evocations
 15477 | D        | Gained mutation: You are dopey. (Int -2) [an orb of fire]
 15481 | D        | Killed an orb of fire
 15481 | D        | Received a gift from Yredelemnul (a vampire knight)
 15482 | D        | Reached skill level 27 in Dodging
 15482 | D        | Reached skill level 15 in Invocations
 15486 | D        | Noticed an electric golem
 15487 | D        | Killed a golden dragon
 15487 | D        | Noticed an orb of fire
 15496 | D        | Killed a tentacled monstrosity
 15496 | D        | Received a gift from Yredelemnul (a profane servitor)
 15498 | D        | Killed an electric golem
 15510 | D        | Killed an orb of fire
 15515 | D        | Killed a Killer Klown
 15515 | D        | Received a gift from Yredelemnul (a profane servitor)
 15526 | D        | Received a gift from Yredelemnul (a phantasmal warrior)
 15762 | D        | Noticed an ancient lich
 15763 | D        | Noticed an orb of fire
 15768 | D        | Killed an ancient lich
 15769 | D        | Gained mutation: You are very dopey. (Int -4) [an orb of
                  | fire]
 15770 | D        | Gained mutation: You are weak. (Str -2) [an orb of fire]
 15771 | D        | Gained mutation: You tend to lose your temper in combat.
                  | [an orb of fire]
 15775 | D        | Gained mutation: You are very weak. (Str -4) [an orb of
                  | fire]
 15777 | D        | Killed an orb of fire
 15778 | D        | Reached XP level 19. HP: 204/207 MP: 30/30
 15793 | D        | Received a gift from Yredelemnul (a skeletal warrior)
 15793 | D        | Received a gift from Yredelemnul (a bone dragon)
 15806 | D        | Received a gift from Yredelemnul (a bone dragon)
 15833 | D        | Received a gift from Yredelemnul (a bone dragon)
 15848 | D        | Reached skill level 27 in Invocations
 15854 | D        | Reached skill level 5 in Crossbows
 15858 | D        | Received a gift from Yredelemnul (a skeletal warrior)
 15858 | D        | Received a gift from Yredelemnul (a skeletal warrior)
 16159 | D        | Received a gift from Yredelemnul (a ghoul)
 16160 | D        | Reached skill level 27 in Polearms
 16160 | D        | Reached skill level 10 in Crossbows
 16188 | D        | Received a gift from Yredelemnul (a phantasmal warrior)
 16188 | D        | Reached skill level 15 in Crossbows
 16189 | D        | Noticed an ancient lich
 16198 | D        | Killed an ancient lich
 16627 | D        | Lost mutation: You are very weak. (Str -4) [potion of
                  | mutation]
 16627 | D        | Lost mutation: Your magical capacity is low. (-10% MP)
                  | [potion of mutation]
 16627 | D        | Lost mutation: You tend to lose your temper in combat.
                  | [potion of mutation]
 16627 | D        | Gained mutation: You have a beak for a mouth. [potion of
                  | mutation]
 16627 | D        | Lost mutation: You are weak. (Str -2) [potion of mutation]
 17302 | D        | Received a gift from Yredelemnul (a vampire)
 17313 | D        | Received a gift from Yredelemnul (a phantasmal warrior)
 17335 | D        | Received a gift from Yredelemnul (a skeletal warrior)
 17335 | D        | Received a gift from Yredelemnul (a flayed ghost)
 17358 | D        | Received a gift from Yredelemnul (a flayed ghost)
 17365 | D        | Received a gift from Yredelemnul (a flayed ghost)
 17386 | D        | Received a gift from Yredelemnul (a phantasmal warrior)
 17393 | D        | Received a gift from Yredelemnul (a vampire knight)
 17916 | D        | Got an elven rune of Zot
 18026 | D        | Received a gift from Yredelemnul (a skeletal warrior)
 18037 | D        | Received a gift from Yredelemnul (a vampire)
 18041 | D        | Received a gift from Yredelemnul (a profane servitor)
 18050 | D        | Reached XP level 20. HP: 186/216 MP: 31/36
 18052 | D        | Received a gift from Yredelemnul (a skeletal warrior)
 18080 | D        | Noticed the Royal Jelly
 18086 | D        | Received a gift from Yredelemnul (a bone dragon)
 18087 | D        | Reached skill level 27 in Crossbows
 18090 | D        | Received a gift from Yredelemnul (a bone dragon)
 18097 | D        | Reached skill level 5 in Spellcasting
 18104 | D        | Killed the Royal Jelly
 18105 | D        | Reached skill level 10 in Spellcasting
 18156 | D        | Received a gift from Yredelemnul (a vampire)
 18384 | D        | Got a slimy rune of Zot
 18402 | D        | Received a gift from Yredelemnul (a bone dragon)
 18594 | D        | Received a gift from Yredelemnul (a ghoul)
 18603 | D        | Received a gift from Yredelemnul (a flayed ghost)
 18612 | D        | Received a gift from Yredelemnul (a vampire)
 18618 | D        | Received a gift from Yredelemnul (a phantasmal warrior)
 18619 | D        | Reached skill level 15 in Spellcasting
 18786 | D        | Received a gift from Yredelemnul (a vampire)
 18790 | D        | Received a gift from Yredelemnul (a vampire)
 18798 | D        | Received a gift from Yredelemnul (a flayed ghost)
 19341 | D        | Received a gift from Yredelemnul (a phantasmal warrior)
 19366 | D        | Received a gift from Yredelemnul (a vampire)
 19767 | D        | Received a gift from Yredelemnul (a flayed ghost)
 19785 | D        | Noticed a royal mummy
 19785 | D        | Noticed a royal mummy
 19785 | D        | Noticed a royal mummy
 19787 | D        | Received a gift from Yredelemnul (a flayed ghost)
 19813 | D        | Killed a royal mummy
 19827 | D        | Killed a royal mummy
 19833 | D        | Received a gift from Yredelemnul (a skeletal warrior)
 19850 | D        | Killed a royal mummy
 19869 | D        | Killed a royal mummy
 20102 | D        | Noticed a royal mummy
 20105 | D        | Killed a royal mummy
 20105 | D        | Received a gift from Yredelemnul (a phantasmal warrior)
 20380 | D        | Learned a level 5 spell: Borgnjor's Vile Clutch
 20408 | D        | Got a golden rune of Zot
 20417 | D        | Received a gift from Yredelemnul (a profane servitor)
 20423 | D        | Received a gift from Yredelemnul (a bone dragon)
 20429 | D        | Reached skill level 1 in Necromancy
 20429 | D        | Reached skill level 1 in Earth Magic
 20433 | D        | Received a gift from Yredelemnul (a phantasmal warrior)
 20433 | D        | Received a gift from Yredelemnul (a vampire knight)
 20437 | D        | Received a gift from Yredelemnul (a vampire knight)
 20440 | D        | Received a gift from Yredelemnul (a vampire knight)
 20446 | D        | Got an abyssal rune of Zot
 20585 | D        | Noticed Geryon
 20610 | D        | Killed Geryon
 20631 | D        | Noticed Gloorx Vloq
 20631 | D        | Found the +4 staff of Dispater
 20631 | D        | Noticed Dispater
 20743 | D        | Killed Dispater
 20744 | D        | Reached skill level 5 in Necromancy
 20744 | D        | Reached skill level 5 in Earth Magic
 21015 | D        | HP: 14/324 [Gloorx Vloq] (5)]
 21015 | D        | HP: 6/324 [poisoned by Gloorx Vloq (dark miasma)]
 21015 | D        | Killed from afar by Gloorx Vloq

Illustrated notes

Levels and vault maps discovered:
D:        linesprint [early_d, line_temple, items_1, d_10, items_2, lair_1,
          lair_end, items_3, orc_1, orc_end, items_4, d_15, swamp_1, shoals_1,
          snake_1, spider_1, d_20, vaults_1, items_5, swamp_end, shoals_end,
          snake_end, spider_end, vaults_end, d_27, items_6, zot_1, zot_end,
          crypt_end, forest_end, elf_end, slime_end, tomb_end, abyss_end,
          pan_hell_end]

Skill      XL: |  1  2  3  4  5  6  7  8  9 10 11 12 13 14 15 16 17 18 19 20 |
---------------+-------------------------------------------------------------+-----
Polearms       | 6 8 10 11 13 15 16 17 18 20 26 27 | 27.0
Dodging        | 5 7 9 10 12 14 15 16 18 20 23 27 | 27.0
Invocations    | 7 14 24 27 | 27.0
Fighting       | 6 16 21 27 | 27.0
Armour         | 7 15 22 27 | 27.0
Bows           | 17 20 | 20.0
Evocations     | 15 25 27 | 27.0
Crossbows      | 26 27 | 27.0
Spellcasting   | 19 | 19.5
Necromancy     | 5 |  5.1
Earth Magic    | 5 |  5.6
Throwing       | |  2.0

Action                   |  1- 3 |  4- 6 |  7- 9 | 10-12 | 13-15 | 16-18 | 19-21 || total
-------------------------+-------+-------+-------+-------+-------+-------+-------++-------
Melee: Trident           |    24 |    12 |       |       |       |       |       ||    36
       Headbutt          |     3 |     7 |    21 |    51 |    45 |    76 |    78 ||   281
       Halberd           |       |    13 |    62 |   240 |       |       |       ||   315
       Glaive            |       |       |       |    81 |   407 |    14 |       ||   502
       Scythe            |       |       |       |       |       |   330 |   327 ||   657
       Peck              |       |       |       |       |       |       |    62 ||    62
Throw: Throwing net      |       |       |       |     2 |       |     2 |       ||     4
Invok: Injury Mirror     |       |       |       |     4 |       |       |     1 ||     5
       Drain Life        |       |       |       |     5 |     5 |       |       ||    10
       Animate Dead      |       |       |       |     1 |     2 |       |       ||     3
       Recall Undead Sla |       |       |       |     1 |     1 |       |       ||     2
Evoke: Wand              |       |       |     2 |     2 |       |       |       ||     4
  Use: Potion            |     1 |     1 |     5 |     4 |       |     3 |    10 ||    24
       Scroll            |       |       |       |     9 |    11 |     2 |       ||    22
 Stab: Paralysed         |       |       |       |     8 |       |       |       ||     8
       Distracted        |       |       |       |     2 |    12 |     9 |     4 ||    27
       Confused          |       |       |       |     1 |       |       |       ||     1
       Held in net/web   |       |       |       |       |       |     1 |       ||     1
Armor: Leather armour    |     2 |     3 |       |       |       |       |       ||     5
       Scale mail        |       |     8 |     5 |       |       |       |       ||    13
       Chain mail        |       |       |    24 |    83 |       |       |       ||   107
       Crystal plate arm |       |       |       |       |    10 |       |       ||    10
       Gold dragon scale |       |       |       |       |   145 |   107 |   138 ||   390
Dodge: Dodged            |    17 |     5 |    29 |   123 |   179 |   171 |   329 ||   853
